AoeStats
← belphy

Hideout

503165635Analyzed
4v4 RM · 1mo ago on Aug 30, 2026· 40m 21s· 8 players
Game mode
Random Map
Map size
Large (8 player)
Population
200
Speed
Normal
Resources
Standard
Victory
Conquest
Starting age
Dark Age
Ending age
Imperial Age
RankedLock teamsTeams togetherTeam positionsShared explorationLock speedFull tech treeHidden civsTurbo modeCheats
Victory
Defeat
🇦🇷 Turks · Argentina
1635
+10
🇹🇼 Mongols · Taiwan
1633
+10
🇹🇼 Malay · Taiwan
1476
+17
🇹🇼 Romans · Taiwan
1457
+18
🇮🇹 Berbers · Italy
1591
-18
🇮🇹 Koreans · Italy
1579
-17
🇮🇹 Inca · Italy
1568
-17
🇮🇹 Teutons · Italy
1260
-5
Shul
8:43 Feudal Age
9:28 Double-Bit Axe
12:11 Horse Collar
14:25 Forging
17:55 Wheelbarrow
17:09 Loom
17:59 Wheelbarrow
21:11 Castle Age
19:23 Gold Mining
20:36 Scale Barding Armor
20:44 Bloodlines
22:22 Chain Barding Armor
22:04 Husbandry
22:31 Bow Saw
28:36 Iron Casting
30:23 Hand Cart
37:31 Imperial Age
37:05 Town Watch
37:32 Heavy Camel Rider
38:49 Plate Barding Armor
39:14 Blast Furnace
39:09 Conscription
38:59 Caravan
EVA | luxfma
0:27 Loom
6:55 Loom
9:44 Feudal Age
10:21 Double-Bit Axe
12:35 Fletching
15:10 Town Watch
20:46 Castle Age
21:47 Bow Saw
21:26 Horse Collar
22:02 Bodkin Arrow
22:21 Thumb Ring
24:43 Ballistics
30:41 Gold Mining
30:43 Stone Mining
34:04 Imperial Age
33:46 Husbandry
33:08 Light Cavalry
34:15 Treadmill Crane
36:26 Conscription
36:10 Eupseong
37:15 Two-Man Saw
36:10 Gold Mining
36:13 Stone Mining
39:09 Wheelbarrow
38:55 Bracer
39:49 Siege Engineers
belphy
8:31 Feudal Age
9:44 Feudal Age
9:24 Loom
12:15 Double-Bit Axe
13:18 Horse Collar
16:38 Fletching
22:03 Wheelbarrow
25:25 Castle Age
25:00 Padded Archer Armor
28:39 Gold Mining
29:03 Bow Saw
28:55 Crossbowman
32:46 Bodkin Arrow
33:55 Heavy Plow
36:32 Ballistics
36:55 Wheelbarrow
37:49 Leather Archer Armor
Buck104
11:24 Feudal Age
15:28 Castle Age
13:42 Double-Bit Axe
15:20 Forging
21:16 Loom
23:39 Wheelbarrow
24:03 Bloodlines
25:12 Horse Collar
27:31 Town Watch
32:52 Bow Saw
32:44 Heavy Plow
34:45 Scale Barding Armor
35:26 Pikeman
36:31 Scale Mail Armor
羅鈸棒
10:58 Feudal Age
11:52 Loom
14:41 Castle Age
21:14 Fletching
23:33 Double-Bit Axe
26:30 Padded Archer Armor
26:43 Gold Mining
28:13 Bloodlines
28:12 Husbandry
30:04 Bodkin Arrow
31:38 Bloodlines
33:18 Ballistics
33:34 Bow Saw
34:13 Horse Collar
36:24 Stone Mining
36:50 Heavy Plow
38:09 Elite Skirmisher
G5
6:48 Loom
9:20 Feudal Age
11:24 Fletching
11:23 Town Watch
15:29 Double-Bit Axe
20:55 Wheelbarrow
20:45 Horse Collar
26:40 Castle Age
27:11 Scale Barding Armor
28:17 Bow Saw
32:48 Fortified Wall
34:30 Heavy Plow
38:26 Imperial Age
36:23 Gold Mining
36:57 Ballistics
36:34 Bodkin Arrow
37:00 Bloodlines
37:30 Padded Archer Armor
37:32 Husbandry
38:09 Thumb Ring
39:38 Parthian Tactics
39:20 Bracer
39:49 Conscription
40:15 Leather Archer Armor
40:20 Heavy Cavalry Archer
TSAO BING
10:20 Feudal Age
14:25 Castle Age
12:27 Double-Bit Axe
13:45 Horse Collar
15:16 Scale Barding Armor
15:48 Bow Saw
17:44 Loom
19:51 Wheelbarrow
19:30 Husbandry
21:33 Bloodlines
23:41 Heavy Plow
25:27 Chain Barding Armor
26:07 Loom
26:51 Gold Mining
28:28 Fletching
32:59 Town Watch
34:33 Hand Cart
38:03 Imperial Age
36:38 Squires
35:59 Pikeman
37:06 Scale Mail Armor
37:17 Forging
37:10 Town Patrol
38:37 Fortified Wall
38:37 Masonry
39:11 Halberdier
41:18 Chemistry
40:48 Architecture
Ma
11:46 Feudal Age
13:03 Loom
15:48 Castle Age
14:12 Double-Bit Axe
20:56 Horse Collar
21:32 Bow Saw
27:11 Wheelbarrow
27:08 Heavy Plow
27:47 Husbandry
28:18 Sanctity
32:47 Imperial Age
30:27 Scale Barding Armor
30:33 Forging
30:57 Gold Mining
30:58 Stone Mining
32:58 Crop Rotation
33:13 Hand Cart
32:44 Town Watch
32:59 Elite Battle Elephant
35:12 Iron Casting
37:36 Caravan
37:58 Fletching
39:09 Blast Furnace
40:03 Conscription
Connection lost

Rejoining the realm…

Still unreachable

The connection could not be restored.

Session expired

The server has moved on; the page needs a fresh start.